 Dungeon Crawl Stone Soup version 0.29.1-13-g9f3cf754e1 (webtiles) character file.

Game seed: 12671492375444249130

58 sanboga the Chopper (level 3, -3/33 HPs)
             Began as a Minotaur Monk on Feb 2, 2023.
             Slain by a gnoll
             ... wielding a +0 whip
              (4 damage)
             ... on level 2 of the Dungeon.
             The game lasted 00:01:10 (1238 turns).

sanboga the Chopper (Minotaur Monk)                 Turns: 1238, Time: 00:01:10

Health: -3/33      AC:  3    Str: 17    XL:     3   Next: 76%
Magic:  2/2        EV: 12    Int:  7    God:
Gold:   80         SH:  0    Dex: 12    Spells: 2/2 levels left

rFire   . . .      SeeInvis .   a - +0 hand axe
rCold   . . .      Faith    .   (no shield)
rNeg    . . .      Spirit   .   b - +0 robe
rPois   .          Reflect  .   (helmet restricted)
rElec   .          Harm     .   (no cloak)
rCorr   .          Rampage  .   (no gloves)
Will    .....                   f - +0 pair of boots
Stlth   ++........              (no amulet)
HPRegen 0.11/turn               (no ring)
MPRegen 0.08/turn               (no ring)

@: no status effects
A: horns 2, retaliatory headbutt
a: no special abilities


You were on level 2 of the Dungeon.
You visited 1 branch of the dungeon, and saw 2 of its levels.

You collected 80 gold pieces.

Inventory:

Hand Weapons
 a - a +0 hand axe (weapon)
Armour
 b - a +0 robe (worn)
 f - a +0 pair of boots (worn)
Scrolls
 d - 2 scrolls of vulnerability {unknown}
 e - 2 scrolls of identify {unknown}
Potions
 c - a potion of ambrosia
 g - a potion of mutation {unknown}
 i - 2 potions of curing {unknown}


   Skills:
 + Level 4.2 Fighting
 * Level 4.8 Axes
 + Level 1.8 Armour
 - Level 3.2 Dodging
 - Level 1.5 Stealth


You had 2 spell levels left.
You didn't know any spells.
Your spell library was empty.

Dungeon Overview and Level Annotations

Branches:
Dungeon (2/15)

Altars:

Shops:
D:1 [


Innate Abilities, Weirdness & Mutations

You have a pair of horns on your head.
You reflexively headbutt those who attack you in melee.


Message History

The gnoll barely misses you. The gnoll misses you. x2
You furiously retaliate!
You headbutt the gnoll, but do no damage.
Sorry, you're not good enough to have a special ability.
Sorry, you're not good enough to have a special ability.
You slash the gnoll! You headbutt the gnoll!
You kill the gnoll!
You barely miss the gnoll. The gnoll barely misses you.
You furiously retaliate!
You headbutt the gnoll! The gnoll misses you.
The gnoll hits you with a +0 halberd. The gnoll hits you with a +0 whip.
Things that are here:
a +0 halberd; a scroll labelled ROITWOP JA MOT; 10 gold pieces You hit the gnoll.
The gnoll is moderately wounded.
You closely miss the gnoll. The gnoll barely misses you.
The gnoll hits you with a +0 halberd.
You hit the gnoll but do no damage.
The gnoll is moderately wounded.
You hit the gnoll but do no damage. The gnoll misses you. x2
You furiously retaliate!
You headbutt the gnoll. You hit the gnoll. You headbutt the gnoll.
The gnoll is almost dead.
You hit the gnoll but do no damage. The gnoll hits you with a +0 halberd!
The gnoll hits you with a +0 whip!
* * * LOW HITPOINT WARNING * * *
You barely miss the gnoll.
The gnoll is almost dead.
You barely miss the gnoll. The gnoll barely misses you.
You furiously retaliate!
You headbutt the gnoll.
You kill the gnoll!
The gnoll hits you with a +0 whip.
* * * LOW HITPOINT WARNING * * *
You hit the gnoll.
The gnoll is almost dead.
The gnoll hits you with a +0 whip.
* * * LOW HITPOINT WARNING * * *
You hit the gnoll but do no damage.
The gnoll is almost dead.
The gnoll hits you with a +0 whip.
You die...

##.## #. ##...## #.
#.....# #.. #.....# #..
#.†...###### #...
##.........#
###...########..........
.........†...#....##....
......)@g†..............
.............#...#......
###...########..........
#... #.........# #..
######.#### #.. ###.####
#. #......# .. #.#.##.#
#.#.##..


You could see a gnoll.

Vanquished Creatures
  2 gnolls (D:2)
  A worm (D:2)
  A dart slug (D:1)
  4 bats
  3 endoplasms
  4 giant cockroaches
  3 goblins (D:1)
  2 hobgoblins
  2 quokkas
  2 ball pythons (D:1)
  2 frilled lizards (D:1)
  3 kobolds (D:1)
  4 rats
33 creatures vanquished.

Notes
Turn   | Place    | Note
-------+----------+-------------------------------------------
     0 | D:1      | sanboga the Minotaur Monk began the quest for the Orb.
     0 | D:1      | Reached XP level 1. HP: 19/19 MP: 0/0
   288 | D:1      | Found Munim's Armour Shop.
   359 | D:1      | Reached XP level 2. HP: 26/27 MP: 1/1
   498 | D:1      | Reached skill level 1 in Armour
   965 | D:2      | Reached XP level 3. HP: 17/33 MP: 2/2
  1237 | D:2      | HP: 1/33 [gnoll/+0 whip (4)]
  1238 | D:2      | Slain by a gnoll

Illustrated notes

Levels and vault maps discovered:
D:1:      dpeg_arrival_chambers_temple_mockup, layout_basic, serial_shops,
          nicolae_shop_crystal
D:2:      layout_loops_cross, dreamdust_ecumenical_altar_angels_and_demons

Skill      XL: |  1  2 |
---------------+-------+-----
Axes           | 4 |  4.8
Armour         | 1 |  1.8
Fighting       | 4 |  4.2
Dodging        | |  3.2
Stealth        | |  1.5

Action                   || total
-------------------------++-------
Melee: Hand axe          ||    80
       Headbutt          ||    11
       Punch             ||     3
 Stab: Distracted        ||     1
       Sleeping          ||     2
Armor: Robe              ||    19
Dodge: Dodged            ||    56
